 Dungeon Crawl Stone Soup version 0.20.0-10-g0535bb4 (webtiles) character file.

668 rageheart7 the Cleaver (level 7, -7/64 HPs)
             Began as a Hill Orc Monk on June 4, 2017.
             Was a Believer of Qazlal.
             Killed by nerve-wracking pain
             ... invoked by Grinder
              (12 damage)
             ... on level 5 of the Dungeon.
             The game lasted 00:05:42 (5254 turns).

rageheart7 the Cleaver (Hill Orc Monk)              Turns: 5254, Time: 00:05:42

Health: -7/64      AC:  6    Str: 18    XL:     7   Next: 58%
Magic:  7/7        EV: 11    Int: 10    God:    Qazlal [**....]
Gold:   196        SH:  3    Dex: 11    Spells: 6/6 levels left

rFire    x . .     SeeInvis .   r - +0 war axe
rCold    + . .     Gourm    .   (no shield)
rNeg     . . .     Faith    .   g - +0 ring mail
rPois    .         Spirit   .   (no helmet)
rElec    .         Reflect  .   i - +0 cloak (curse)
rCorr    .         Harm     .   (no gloves)
MR       .....                  (no boots)
Stlth    +.........             (no amulet)
Regen    0.2/turn               d - ring of ice
MPRegen  0.1/turn               (no ring)

@: about to teleport
A: talons 1, clumsy 1, strong 1
a: Upheaval, Renounce Religion


You were on level 5 of the Dungeon.
You worshipped Qazlal.
Qazlal was pleased with you.
You were not hungry.

You visited 2 branches of the dungeon, and saw 6 of its levels.

You collected 196 gold pieces.

Inventory:

Hand Weapons
 r - a +0 war axe (weapon)
Armour
 g - a +0 ring mail (worn)
 i - a cursed +0 cloak (worn)
Jewellery
 d - a ring of ice (left hand)
Scrolls
 b - 2 scrolls of identify
 e - 3 scrolls of teleportation
 j - a scroll of recharging
 o - a scroll of immolation
Potions
 k - a potion of agility
 m - a potion of cancellation
 p - a potion of flight
 q - 2 potions of invisibility
Comestibles
 c - 5 bread rations
 f - a royal jelly
 l - 4 meat rations


   Skills:
 * Level 6.7 Fighting
 * Level 9.4 Axes
 - Level 2.4 Dodging
 - Level 1.5 Stealth


You had 6 spell levels left.
You didn't know any spells.

Dungeon Overview and Level Annotations

Branches:
Dungeon (5/15)             Temple (1/1) D:4

Altars:
Ashenzari
Cheibriados
Dithmenos
Fedhas
Gozag
Hepliaklqana
Kikubaaqudgha
Makhleb
Nemelex Xobeh
Okawaru
Qazlal
Ru
Trog
Uskayaw
Vehumet
Xom
Yredelemnul
Zin
The Shining One

Annotations:
D:5 Grinder


Innate Abilities, Weirdness & Mutations

You have sharp toenails.
You are clumsy. (Dex -2)
Your muscles are strong. (Str +2)


Message History

The centaur is lightly wounded.
You hit the centaur zombie. The centaur zombie closely misses you.
The centaur hits you. The centaur zombie misses you.
You slash the centaur!
The centaur is heavily wounded.
You hit the centaur zombie. You closely miss Grinder. The centaur misses you.
The centaur zombie hits you.
* * * LOW HITPOINT WARNING * * *
You block the centaur's attack. Grinder hits you.
* * * LOW HITPOINT WARNING * * *
You writhe in agony.
* * * LOW HITPOINT WARNING * * *
As you read the scroll of teleportation, it crumbles to dust.
You feel strangely unstable. The centaur zombie hits you.
* * * LOW HITPOINT WARNING * * *
The centaur hits you.
* * * LOW HITPOINT WARNING * * *
Grinder gestures at you. Pain shoots through your body!
You die...

... #.# ## #.# ##.
#.# #.. #<# .. #.# .#
#.#####.#
...#/((##.Z#####.
...........ยง@c......
...........5.#######
........##.###
........##..#
........###..#
......### #.# >.....
5# ..


You could see Grinder, a centaur and a centaur zombie.

Vanquished Creatures
  The ghost of Bargorn the Cudgeler, an amateur GrFi (D:4)
  2 scorpions (D:4)
  A howler monkey (D:4)
  2 hounds (D:4)
  2 iguanas (D:4)
  4 worker ants (D:4)
  4 gnolls (D:3)
  6 adders
  5 oozes
  An adder skeleton (D:4)
  4 dart slugs
  4 leopard geckos
  3 orcs (D:4)
  2 ball pythons
  4 giant cockroaches
  6 goblins
  7 hobgoblins
  9 jackals
  5 kobolds
  8 bats
  10 frilled lizards
  8 rats
98 creatures vanquished.

Notes
Turn   | Place    | Note
-------+----------+-------------------------------------------
     0 | D:1      | rageheart7 the Hill Orc Monk began the quest for the Orb.
     0 | D:1      | Reached XP level 1. HP: 19/19 MP: 1/1
   196 | D:1      | Reached XP level 2. HP: 20/27 MP: 2/2
   396 | D:1      | Reached XP level 3. HP: 29/33 MP: 3/3
   418 | D:1      | Reached skill level 5 in Axes
   910 | D:1      | Reached XP level 4. HP: 37/41 MP: 4/4
  1211 | D:2      | Found a faded altar of an unknown god.
  1239 | D:2      | Gained mutation: You are clumsy. (Dex -2) [potion of mutation]
  1239 | D:2      | Gained mutation: You have sharp toenails. [potion of mutation]
  1239 | D:2      | Gained mutation: Your muscles are strong. (Str +2) [potion of mutation]
  1267 | D:2      | Reached skill level 6 in Axes
  1650 | D:3      | Found an opulent altar of Gozag.
  1866 | D:3      | Reached XP level 5. HP: 6/47 MP: 5/5
  1868 | D:3      | HP: 1/47 [gnoll/flail (6)]
  1869 | D:3      | Reached skill level 5 in Fighting
  2604 | D:4      | Found a staircase to the Ecumenical Temple.
  2619 | Temple   | Entered the Ecumenical Temple
  2685 | Temple   | Became a worshipper of Qazlal Stormbringer
  2685 | Temple   | Reached * piety under Qazlal
  2685 | Temple   | Reached ** piety under Qazlal
  2903 | D:4      | Reached skill level 7 in Axes
  2903 | D:4      | Reached XP level 6. HP: 41/56 MP: 6/6
  3269 | D:4      | Reached skill level 8 in Axes
  3573 | D:4      | Reached XP level 7. HP: 54/63 MP: 7/7
  3811 | D:4      | Noticed Bargorn's ghost (amateur GrFi)
  4826 | D:4      | Killed Bargorn's ghost
  4826 | D:4      | Reached skill level 9 in Axes
  5241 | D:5      | Entered Level 5 of the Dungeon
  5247 | D:5      | Noticed Grinder
  5254 | D:5      | Killed from afar by Grinder

Skill      XL: |  1  2  3  4  5  6  7 |
---------------+----------------------+-----
Fighting       | 4 5 6 |  6.7
Axes           | 5 6 7 8 9 |  9.4
Dodging        | |  2.4
Stealth        | |  1.5

Action                   |  1- 3 |  4- 6 |  7- 9 || total
-------------------------+-------+-------+-------++-------
Melee: Hand axe          |   105 |   138 |       ||   243
       Kick              |       |    43 |    19 ||    62
       War axe           |       |    73 |    59 ||   132
  Use: Potion            |       |     6 |     1 ||     7
       Scroll            |       |     6 |     1 ||     7
 Stab: Sleeping          |     3 |     1 |       ||     4
  Eat: Chunk             |       |     9 |     1 ||    10
       Royal jelly       |       |       |     2 ||     2
Armor: Robe              |     6 |       |       ||     6
       Ring mail         |    45 |    63 |    14 ||   122
Dodge: Dodged            |    60 |   117 |    32 ||   209
Block: Other             |       |     8 |     3 ||    11
